[Event "Titled Tuesday Blitz May 30 Early 2023"]
[White "Seo, Jung Min"]
[Black "Ladan, Nicholas"]
[WhiteFideId "1734687"]
[BlackFideId "30918855"]
[WhiteElo "2468"]
[BlackElo "2167"]
[Result "1-0"]
[Round "02"]
[TimeControl "180+2"]
[Date "2023.05.30"]
[WhiteClock "0:00:19"]
[BlackClock "0:00:04"]

1. b3 d5 2. Bb2 Bg4 3. h3 Bh5 4. g4 Bg6 5. Nf3 f6 6. d4 c5 7. e3 Nc6 8. Nc3 e6 9. Qd2 Bd6 10. O-O-O Nb4 11. Ne1 cxd4 12. Qxd4 Ne7 13. a3 Nbc6 14. Qd2 Qa5 15. Nb5 Qxd2+ 16. Rxd2 O-O-O 17. Nxd6+ Rxd6 18. Bg2 Kb8 19. a4 Rc8 20. Ba3 Rd7 21. Kb2 a5 22. Nd3 Bxd3 23. Rxd3 Nb4 24. Rd2 Nec6 25. c3 Na6 26. Rhd1 Nc7 27. c4 Rcd8 28. Bc5 Nb4 29. Bxb4 axb4 30. cxd5 Nxd5 31. Rd4 Nc3 32. R1d2 Rxd4 33. exd4 e5 34. d5 Kc7 35. Kc2 Kd6 36. Kd3 Rc8 37. Rc2 Rc5 38. f4 exf4 39. Rf2 Nxd5 40. Bxd5 Kxd5 41. Rxf4 Rc3+ 42. Kd2 Rxb3 43. Rf5+ Kc4 44. Rb5 Rxh3 45. Rxb7 Rh2+ 46. Kc1 b3 47. a5 Kc3 48. Rc7+ Kb4 49. a6 b2+ 50. Kb1 Kb3 51. Rb7+ Ka3 52. a7 Rh1+ 53. Kc2 Rc1+ 54. Kd2 Rc8 55. Rb8 b1=Q 56. a8=Q# 1-0


[Site "https://www.chess.com"]

[Event "Titled Tuesday Blitz May 30 Early 2023"]
[White "Boyer, Mahel"]
[Black "Staudenhocker43"]
[WhiteFideId "45102422"]
[WhiteElo "2439"]
[BlackElo "2527"]
[Result "1/2-1/2"]
[Round "02"]
[TimeControl "180+2"]
[Date "2023.05.30"]
[WhiteClock "0:00:07"]
[BlackClock "0:00:06"]

1. e4 e5 2. Nf3 Nf6 3. Qe2 Nc6 4. c3 d5 5. d3 dxe4 6. dxe4 Bc5 7. h3 O-O 8. g3 a5 9. Be3 Nxe4 10. Bg2 Bxe3 11. Qxe3 Nd6 12. Nbd2 e4 13. Nd4 Nxd4 14. Qxd4 Bf5 15. O-O-O Qe7 16. Rhe1 Rfe8 17. Re3 Bg6 18. g4 a4 19. a3 Qe6 20. f4 f5 21. c4 c5 22. Qd5 Qxd5 23. cxd5 Re7 24. Rde1 Rae8 25. gxf5 Bxf5 26. Nf1 b5 27. Rg3 g6 28. Ne3 Kf7 29. h4 Kf6 30. h5 b4 31. Rh1 Rg8 32. hxg6 Rxg6 33. Nxf5 Nxf5 34. Rxg6+ hxg6 35. Kd2 e3+ 36. Kd3 bxa3 37. bxa3 e2 38. Re1 Nd4 39. Be4 g5 40. fxg5+ Kxg5 41. Bh1 Kf4 42. Kc4 Ke3 43. d6 Rd7 44. Kxc5 Kd2 45. Rxe2+ Nxe2 46. Bc6 Rd8 47. d7 Nf4 48. Kd6 Kc3 49. Bxa4 Ng6 50. Bc6 Nf8 51. a4 Nxd7 52. Kc7 Nc5 53. Kxd8 Nxa4 1/2-1/2


[Site "https://www.chess.com"]

[Event "Titled Tuesday Blitz May 30 Early 2023"]
[White "Lymar, Vladislav"]
[Black "Matinian, Nikita"]
[WhiteFideId "14162180"]
[BlackFideId "24129100"]
[WhiteElo "2234"]
[BlackElo "2422"]
[Result "1-0"]
[Round "02"]
[TimeControl "180+2"]
[Date "2023.05.30"]
[WhiteClock "0:00:23"]
[BlackClock "0:00:00"]

1. e4 d6 2. d4 g6 3. Nc3 Bg7 4. g3 Nf6 5. Bg2 O-O 6. Nge2 e5 7. h3 Nc6 8. Be3 exd4 9. Nxd4 Re8 10. O-O Bd7 11. f4 Nxd4 12. Bxd4 c5 13. Bf2 Bc6 14. Re1 Qc7 15. Qd3 Rad8 16. Rad1 a6 17. g4 b5 18. Bg3 b4 19. Nb1 d5 20. f5 Qb6 21. e5 Ne4 22. Bxe4 dxe4 23. Qe3 Rd4 24. c3 bxc3 25. bxc3 Rd3 26. Rxd3 exd3 27. Qxd3 Ba8 28. Nd2 Rd8 29. Qe3 Qc6 30. Ne4 c4 31. Qc5 Qb7 32. Qxc4 h5 33. e6 fxe6 34. f6 Bf8 35. Qxe6+ Kh8 36. f7 Rd2 37. Qxg6 Bc5+ 38. Kh1 Qxe4+ 39. Rxe4 Rd1+ 40. Kg2 Rd2+ 41. Kf1 1-0


[Site "https://www.chess.com"]

[Event "Titled Tuesday Blitz May 30 Early 2023"]
[White "Vakhlamov, Igor L."]
[Black "Mekhane, Adam"]
[WhiteFideId "24126748"]
[BlackFideId "36050601"]
[WhiteElo "2407"]
[BlackElo "2177"]
[Result "1-0"]
[Round "02"]
[TimeControl "180+2"]
[Date "2023.05.30"]
[WhiteClock "0:02:13"]
[BlackClock "0:01:11"]

1. e4 c5 2. Nf3 Nc6 3. Nc3 Nf6 4. Bb5 d6 5. d4 cxd4 6. Qxd4 Bd7 7. Bxc6 bxc6 8. e5 dxe5 9. Nxe5 g6 10. Bg5 Bg7 11. O-O-O Nd5 12. Nxd5 cxd5 13. Qxd5 O-O 14. Nxd7 Re8 15. Rhe1 Qc7 16. Rxe7 Rxe7 17. Qxa8+ 1-0


[Site "https://www.chess.com"]

[Event "Titled Tuesday Blitz May 30 Early 2023"]
[White "Wagner, Dennis"]
[Black "OPQRC"]
[WhiteFideId "24650684"]
[WhiteElo "2478"]
[BlackElo "2515"]
[Result "0-1"]
[Round "02"]
[TimeControl "180+2"]
[Date "2023.05.30"]
[WhiteClock "0:00:02"]
[BlackClock "0:00:13"]

1. e4 c5 2. Nf3 e6 3. d4 cxd4 4. Nxd4 Nf6 5. Nc3 Nc6 6. Nxc6 bxc6 7. e5 Nd5 8. Ne4 Bb7 9. Be2 Qc7 10. Nd6+ Bxd6 11. exd6 Qb6 12. c4 Nf6 13. O-O O-O 14. Be3 c5 15. b4 Ne4 16. bxc5 Nxc5 17. Rb1 Qc6 18. Bf3 Ne4 19. Qb3 Ba6 20. Rfc1 f5 21. c5 Rac8 22. h4 h6 23. h5 Kh7 24. Bd4 Rg8 25. Qe3 g6 26. hxg6+ Rxg6 27. Qf4 Rcg8 28. Rd1 Be2 29. Kh1 Bxf3 30. gxf3 Rg4 31. Qh2 Ng5 32. Rb3 Nxf3 33. Qh3 Ng1+ 34. Kh2 Nxh3 35. Kxh3 Qg2# 0-1


[Site "https://www.chess.com"]

[Event "Titled Tuesday Blitz May 30 Early 2023"]
[White "Girsh, Daniel"]
[Black "Aradhya, Garg"]
[WhiteFideId "30949190"]
[BlackFideId "25006746"]
[WhiteElo "2075"]
[BlackElo "2263"]
[Result "1/2-1/2"]
[Round "02"]
[TimeControl "180+2"]
[Date "2023.05.30"]
[WhiteClock "0:00:21"]
[BlackClock "0:00:06"]

1. e4 e5 2. Nf3 Nc6 3. Bb5 a6 4. Ba4 Bc5 5. c3 Nf6 6. O-O O-O 7. d4 Ba7 8. dxe5 Nxe4 9. Bc2 d5 10. exd6 Nxd6 11. Nbd2 Bg4 12. Ne4 Nxe4 13. Bxe4 Re8 14. Qc2 g6 15. Bh6 Bxf3 16. Bxf3 Qh4 17. Be3 Bxe3 18. fxe3 Rxe3 19. Qb3 Ne5 20. Qxb7 Rf8 21. Qxa6 Qg5 22. Bd5 Rd8 23. Rad1 Kg7 24. Bb3 Rxd1 25. Rxd1 Nf3+ 26. Kh1 Nh4 27. Qf1 f5 28. Rd7+ Kh6 29. Rd4 Re4 30. Rxe4 fxe4 31. Qf8+ Kh5 32. Bd1+ Nf3 33. Bxf3+ exf3 34. Qxf3+ Kh6 35. Qd1 Qe3 36. h3 Qf2 37. Qc1+ Kh5 38. a4 Kh4 39. Qd1 Kg5 40. Qd5+ Kh6 41. Qc4 Qxb2 42. a5 Qa1+ 43. Kh2 Qxa5 44. Qd4 Qb6 45. Qxb6 cxb6 46. Kg3 Kg5 47. Kf3 Kf5 48. Ke3 Ke5 49. Kd3 Kd5 50. c4+ Kc5 51. Kc3 g5 52. g3 1/2-1/2


[Site "https://www.chess.com"]

[Event "Titled Tuesday Blitz May 30 Early 2023"]
[White "Di Benedetto, Edoardo"]
[Black "Herman, Daniel"]
[WhiteFideId "875740"]
[BlackFideId "30935008"]
[WhiteElo "2296"]
[BlackElo "1897"]
[Result "1-0"]
[Round "02"]
[TimeControl "180+2"]
[Date "2023.05.30"]
[WhiteClock "0:00:06"]
[BlackClock "0:00:10"]

1. d4 Nf6 2. c4 g6 3. g3 c6 4. Bg2 d5 5. Nf3 Bg7 6. O-O O-O 7. cxd5 cxd5 8. Nc3 Ne4 9. Ne5 Nc6 10. Nxc6 bxc6 11. Nxe4 dxe4 12. Bxe4 Qxd4 13. Qxd4 Bxd4 14. Bxc6 Rb8 15. Rb1 Bf5 16. e4 Rfc8 17. exf5 Rxc6 18. fxg6 hxg6 19. Be3 Bxe3 20. fxe3 Rc2 21. Rf2 Rbc8 22. Re1 Kg7 23. Kf1 g5 24. g4 Rxf2+ 25. Kxf2 Kf6 26. Kf3 Ke5 27. Re2 Rc1 28. Rd2 Rc7 29. h3 e6 30. Rd4 Rc2 31. Rb4 Rh2 32. Rb5+ Kf6 33. Kg3 Re2 34. Rb3 Ke5 35. Kf3 Rh2 36. Rb5+ Kf6 37. Rb7 Rxh3+ 38. Ke4 Rh2 39. a4 Rg2 40. Kf3 Rc2 41. b4 Rc4 42. a5 a6 43. Rb6 Ke5 44. b5 axb5 45. Rxb5+ Kf6 46. a6 Ra4 47. Rb6 Ke5 48. Ke2 Rxg4 49. a7 Ra4 50. Rb7 f5 51. Kd3 g4 52. Kc3 Ra3+ 53. Kb4 Ra1 54. Rb5+ Ke4 55. Ra5 Rb1+ 56. Ka4 Ra1+ 57. Kb5 Rxa5+ 58. Kxa5 Kxe3 59. a8=Q e5 60. Qd5 Kf4 61. Qd2+ Kf3 62. Qd3+ Kf4 63. Qf1+ Ke4 64. Kb4 f4 65. Kc3 g3 66. Qe2+ Kf5 67. Kd3 e4+ 68. Qxe4+ Kg4 69. Ke2 Kh3 70. Kf3 Kh2 71. Qe2+ Kg1 72. Qg2# 1-0


[Site "https://www.chess.com"]

[Event "Titled Tuesday Blitz May 30 Early 2023"]
[White "Yeritsyan, Hayk"]
[Black "Ioannidis, Evgenios"]
[WhiteFideId "13307320"]
[BlackFideId "4229274"]
[WhiteElo "2450"]
[BlackElo "2386"]
[Result "0-1"]
[Round "02"]
[TimeControl "180+2"]
[Date "2023.05.30"]
[WhiteClock "0:02:06"]
[BlackClock "0:01:37"]

1. d4 Nf6 2. Nf3 d5 3. e3 c5 4. Bd3 Nc6 5. c3 Bg4 6. Nbd2 e6 7. Qa4 Bxf3 8. Nxf3 Bd6 9. Bb5 Qc7 10. dxc5 Bxc5 11. Bxc6+ Qxc6 12. Qxc6+ bxc6 13. b3 a5 14. Bb2 Ke7 15. Rc1 a4 16. b4 a3 17. Ba1 Bd6 18. Ke2 Rhc8 19. Rb1 Ne4 20. Nd2 Nxd2 21. Kxd2 Ra7 22. c4 c5 23. cxd5 cxb4 24. dxe6 Kxe6 25. Bxg7 f6 26. Bh6 Be5 27. Bf4 Rd7+ 28. Ke2 Rc2+ 29. Kf3 Bc3 30. Rhd1 Rxd1 31. Rxd1 Rxa2 32. Rd6+ Kf7 33. Rb6 Rc2 34. Bd6 a2 0-1


[Site "https://www.chess.com"]

[Event "Titled Tuesday Blitz May 30 Early 2023"]
[White "Dudzinski, Pawel"]
[Black "egorchess95"]
[WhiteFideId "1117890"]
[WhiteElo "2099"]
[BlackElo "2712"]
[Result "1-0"]
[Round "02"]
[TimeControl "180+2"]
[Date "2023.05.30"]
[WhiteClock "0:00:04"]
[BlackClock "0:00:07"]

1. e4 c5 2. c4 Nc6 3. Nc3 g6 4. g3 Bg7 5. Bg2 d6 6. Rb1 Nf6 7. a3 O-O 8. b4 Nd4 9. Nge2 e5 10. O-O b6 11. h3 Be6 12. d3 Nh5 13. Kh2 Rc8 14. f4 exf4 15. Nxf4 Nxf4 16. Bxf4 f5 17. bxc5 dxc5 18. Nd5 fxe4 19. dxe4 Qd7 20. Qd2 Qf7 21. Bd6 Qxf1 22. Rxf1 Rxf1 23. Ne7+ Kh8 24. Nxc8 Bxc8 25. e5 Rf5 26. Qe3 Rh5 27. h4 Rf5 28. Bh3 Rf3 29. Qg5 Rf2+ 30. Kh1 Bb7+ 31. Kg1 Nf3+ 32. Kxf2 Nxg5 33. hxg5 Kg8 34. e6 Bc6 35. Bg2 Bd4+ 36. Kf1 Be8 37. e7 Kg7 38. Bd5 Be3 39. Bf4 Bd4 40. Ke2 a6 41. Kd3 b5 42. Be3 Bxe3 43. Kxe3 bxc4 44. Bxc4 Bf7 45. Ke4 Be8 46. Ke5 Bd7 47. Kd6 Be8 48. Kc7 h6 49. Kd8 Ba4 50. e8=Q Bxe8 51. Kxe8 hxg5 52. Ke7 a5 53. Ke6 Kh6 54. g4 Kg7 55. Ke7 Kh6 56. Kf6 a4 57. Kf7 Kh7 58. Bb5 Kh6 59. Bxa4 c4 60. Bc2 c3 1-0


[Site "https://www.chess.com"]

[Event "Titled Tuesday Blitz May 30 Early 2023"]
[White "Sprenar, Petr"]
[Black "Prohaszka, Peter"]
[WhiteFideId "397164"]
[BlackFideId "726265"]
[WhiteElo "2182"]
[BlackElo "2626"]
[Result "0-1"]
[Round "02"]
[TimeControl "180+2"]
[Date "2023.05.30"]
[WhiteClock "0:00:22"]
[BlackClock "0:00:12"]

1. d4 d5 2. c4 c6 3. Nf3 Nf6 4. Qc2 g6 5. cxd5 cxd5 6. Nc3 Bg7 7. Bf4 O-O 8. e3 Nc6 9. Ne5 Bf5 10. Nxc6 bxc6 11. Bd3 Bxd3 12. Qxd3 Qa5 13. O-O c5 14. dxc5 Qxc5 15. Be5 e6 16. Rfc1 Rfc8 17. Qd4 Qxd4 18. Bxd4 Nd7 19. Nb5 Bxd4 20. exd4 a5 21. Nd6 Rxc1+ 22. Rxc1 Rb8 23. Rc8+ Rxc8 24. Nxc8 Nb8 25. Na7 f6 26. Kf1 Kf7 27. Ke2 e5 28. dxe5 fxe5 29. Nb5 Nc6 30. Kd3 Nb4+ 31. Kc3 Nxa2+ 32. Kb3 Nb4 33. Nc3 Ke6 34. Ka4 Nd3 35. b3 Nc5+ 36. Kxa5 Nxb3+ 37. Kb4 Nc1 38. Nd1 Nd3+ 39. Kc3 Ne1 40. g3 d4+ 41. Kc4 Kf5 42. Kd5 h5 43. h3 g5 44. Kc4 Ke4 0-1


[Site "https://www.chess.com"]

[Event "Titled Tuesday Blitz May 30 Early 2023"]
[White "Rodriguez, Santiago"]
[Black "Danielyan, Vahe"]
[WhiteFideId "3000591"]
[BlackFideId "13304828"]
[WhiteElo "2249"]
[BlackElo "2423"]
[Result "0-1"]
[Round "02"]
[TimeControl "180+2"]
[Date "2023.05.30"]
[WhiteClock "0:00:07"]
[BlackClock "0:01:29"]

1. d4 Nf6 2. Bg5 Ne4 3. Bf4 Nc6 4. Qd3 d5 5. f3 e5 6. fxe4 exf4 7. exd5 Qxd5 8. Nf3 Bf5 9. Nc3 Bb4 10. Qd2 Bxc3 11. bxc3 O-O 12. Qxf4 Bxc2 13. e3 Rfe8 14. Kf2 h6 15. Qxc7 Rac8 16. Qxb7 Rb8 17. Qc7 Rb2 18. Be2 Bd3 19. Rhe1 Qc4 20. Kg1 Bxe2 0-1


[Site "https://www.chess.com"]

[Event "Titled Tuesday Blitz May 30 Early 2023"]
[White "Mackster23"]
[Black "Goryachkina, Aleksandra"]
[BlackFideId "4147103"]
[WhiteElo "2433"]
[BlackElo "2471"]
[Result "1-0"]
[Round "02"]
[TimeControl "180+2"]
[Date "2023.05.30"]
[WhiteClock "0:00:20"]
[BlackClock "0:00:00"]

1. e4 c6 2. d4 d5 3. Nd2 dxe4 4. Nxe4 Nd7 5. Ng5 Ngf6 6. Bd3 e6 7. N1f3 h6 8. Nxe6 fxe6 9. Bg6+ Ke7 10. O-O Qc7 11. Re1 Nd5 12. Qe2 Nf4 13. Bxf4 Qxf4 14. Qxe6+ Kd8 15. Ne5 Nxe5 16. Qe8+ Kc7 17. dxe5 Bc5 18. Qxh8 Bxf2+ 19. Kh1 Bxe1 20. Rxe1 Qf2 21. Qxg7+ Kb6 22. Rg1 h5 23. Qf6 Qd4 24. c3 Qd2 25. e6 a5 26. e7 Bd7 27. Bxh5 Kc7 28. Rd1 Qe3 29. Qd6+ 1-0


[Site "https://www.chess.com"]

[Event "Titled Tuesday Blitz May 30 Early 2023"]
[White "Kucuksari, Kaan"]
[Black "Alexikov, Alexander"]
[WhiteFideId "6380166"]
[BlackFideId "14103958"]
[WhiteElo "2364"]
[BlackElo "2186"]
[Result "1-0"]
[Round "02"]
[TimeControl "180+2"]
[Date "2023.05.30"]
[WhiteClock "0:00:05"]
[BlackClock "0:00:00"]

1. e4 c5 2. Nf3 d6 3. d4 Nf6 4. Nc3 cxd4 5. Nxd4 a6 6. Be2 e5 7. Nb3 Be6 8. O-O Be7 9. Be3 O-O 10. a4 b6 11. a5 b5 12. Nd5 Bxd5 13. exd5 Nbd7 14. Nc1 Rc8 15. Ra3 Qc7 16. c3 Qb7 17. Qd2 Qxd5 18. Na2 Qxd2 19. Bxd2 d5 20. Nb4 Bxb4 21. cxb4 Rc2 22. Rd1 Rxb2 23. Bf1 Rc8 24. Be1 Kf8 25. g3 Ke7 26. Bg2 Ke6 27. Rad3 e4 28. Ra3 Rcc2 29. Rda1 Ne5 30. Bc3 Rxf2 31. Bxb2 Rxb2 32. Rc3 Nc4 33. Bf1 Rxb4 34. Bh3+ Ke5 35. Bc8 Ra4 36. Rxa4 bxa4 37. Bxa6 Nxa5 38. Ra3 Nb3 39. Rxa4 Nc5 40. Ra5 Nxa6 41. Rxa6 Ne8 42. Ra7 Nd6 43. Kf2 h5 44. Ra5 g5 45. Ra7 f6 46. Rh7 h4 47. gxh4 gxh4 48. Rxh4 d4 49. Rh8 f5 50. h4 d3 51. h5 1-0


[Site "https://www.chess.com"]

[Event "Titled Tuesday Blitz May 30 Early 2023"]
[White "Martinez Ramirez, Lennis"]
[Black "Federzoni, Enzo"]
[WhiteFideId "3509079"]
[BlackFideId "2173301"]
[WhiteElo "2410"]
[BlackElo "2039"]
[Result "1-0"]
[Round "02"]
[TimeControl "180+2"]
[Date "2023.05.30"]
[WhiteClock "0:00:15"]
[BlackClock "0:00:25"]

1. Nf3 d5 2. c4 e6 3. b3 Nf6 4. Bb2 g6 5. g3 Bg7 6. Bg2 O-O 7. O-O c5 8. cxd5 exd5 9. d4 b6 10. Nc3 Bb7 11. Ne5 Nbd7 12. e3 Rc8 13. Rc1 Re8 14. Nb5 Nf8 15. Nxa7 Ra8 16. Nb5 Rxa2 17. Ba1 Ba6 18. Nc3 Bxf1 19. Nxa2 Bxg2 20. Kxg2 Ne4 21. Nc3 Nxc3 22. Bxc3 Bxe5 23. dxe5 Ne6 24. h4 d4 25. exd4 cxd4 26. Bb4 Qd5+ 27. Qf3 Qxe5 28. Rc6 Rd8 29. Rxb6 d3 30. Rb7 Qd5 31. Bd2 Nd4 32. Qxd5 Rxd5 33. f3 h6 34. Bxh6 Nxb3 35. Rxb3 d2 36. Bxd2 Rxd2+ 37. Kh3 Kg7 38. g4 Rd5 39. Kg3 Ra5 40. Rb7 Rc5 41. Rb6 Ra5 42. Rb8 Rc5 43. Rb1 Ra5 44. Rh1 Kh6 45. g5+ Kg7 46. Rb1 Ra4 47. f4 Ra2 48. Kg4 Rg2+ 49. Kf3 Ra2 50. Kg3 Rc2 51. Rb6 Ra2 52. f5 gxf5 53. h5 Ra1 54. h6+ Kh7 55. Rf6 Kg8 56. Rxf5 Rb1 57. Ra5 Ra1 58. Rxa1 1-0


[Site "https://www.chess.com"]

[Event "Titled Tuesday Blitz May 30 Early 2023"]
[White "Mendez Fortes, Eduardo Jesus"]
[Black "KorolDimitriy75"]
[WhiteFideId "3502376"]
[WhiteElo "2307"]
[BlackElo "2414"]
[Result "1-0"]
[Round "02"]
[TimeControl "180+2"]
[Date "2023.05.30"]
[WhiteClock "0:00:20"]
[BlackClock "0:00:12"]

1. e4 c5 2. Nf3 d6 3. d4 cxd4 4. Nxd4 Nf6 5. Nc3 g6 6. f3 Bg7 7. Be3 O-O 8. Qd2 Nc6 9. Bc4 Bd7 10. h4 Qa5 11. O-O-O Rfc8 12. Bb3 Ne5 13. Kb1 b5 14. g4 Nc4 15. Bxc4 bxc4 16. Ka1 Rab8 17. h5 Qb4 18. Rb1 Rc5 19. hxg6 fxg6 20. g5 Nh5 21. Nf5 Ra5 22. Nxg7 Kxg7 23. f4 Ng3 24. Rh4 Nf1 25. Qd4+ e5 26. fxe5 Nxe3 27. e6+ Kg8 28. Qxe3 Bxe6 29. Qd4 Rb6 30. Rxh7 Kxh7 31. Rh1+ Kg8 32. Rh8+ Kf7 33. Qf6# 1-0


[Site "https://www.chess.com"]

[Event "Titled Tuesday Blitz May 30 Early 2023"]
[White "Vlassov, Nikolai"]
[Black "Perez Rodriguez, Jennifer"]
[WhiteFideId "4103360"]
[BlackFideId "3507831"]
[WhiteElo "2324"]
[BlackElo "2116"]
[Result "0-1"]
[Round "02"]
[TimeControl "180+2"]
[Date "2023.05.30"]
[WhiteClock "0:00:01"]
[BlackClock "0:00:10"]

1. e4 e5 2. Bc4 Nf6 3. d3 Nc6 4. Nf3 Bc5 5. Bg5 d6 6. Nc3 h6 7. Bh4 g5 8. Bg3 Be6 9. Nd2 Qd7 10. h4 O-O-O 11. Nd5 Bxd5 12. exd5 Ne7 13. Qf3 Qf5 14. hxg5 hxg5 15. O-O-O g4 16. Qe2 Nexd5 17. Ne4 Bb6 18. Nxf6 Nxf6 19. Bxf7 Nh5 20. Bxh5 Rxh5 21. Qe4 Qxe4 22. dxe4 Rdh8 23. Rxh5 Rxh5 24. Kd2 Kd7 25. c3 Ke6 26. Kd3 c6 27. b4 d5 28. Re1 a6 29. a4 Bc7 30. b5 axb5 31. axb5 Bb6 32. Rb1 Bc5 33. bxc6 bxc6 34. Rb8 Bd6 35. Rg8 Rh1 36. Rxg4 Rd1+ 37. Ke2 Rc1 38. Kd2 Rg1 39. Rg6+ Kd7 40. exd5 cxd5 41. Bh2 Rh1 42. Bg3 Rg1 43. Bh4 e4 44. g4 Bf4+ 45. Ke2 Rc1 46. Bf6 Rc2+ 47. Kf1 Bd2 48. g5 Bxc3 49. Bxc3 Rxc3 50. Rg7+ Ke6 51. Rg8 d4 52. g6 d3 53. Kg2 d2 54. Rd8 Rd3 55. Re8+ Kf6 56. g7 Kxg7 0-1


[Site "https://www.chess.com"]

[Event "Titled Tuesday Blitz May 30 Early 2023"]
[White "Sahib Singh"]
[Black "Mazurkiewicz, Michal"]
[WhiteFideId "25618342"]
[BlackFideId "1124943"]
[WhiteElo "1934"]
[BlackElo "2054"]
[Result "1-0"]
[Round "02"]
[TimeControl "180+2"]
[Date "2023.05.30"]
[WhiteClock "0:00:37"]
[BlackClock "0:00:00"]

1. e4 d6 2. d4 Nf6 3. Nc3 c6 4. f4 Qb6 5. Nf3 Bg4 6. Be2 e6 7. h3 Bxf3 8. Bxf3 d5 9. e5 Nfd7 10. a3 c5 11. Na4 Qa5+ 12. c3 cxd4 13. b4 Qc7 14. cxd4 Nc6 15. Be3 b5 16. Nc5 Nxc5 17. dxc5 Be7 18. O-O O-O 19. Be2 Rfb8 20. Bg4 g6 21. Qd3 a5 22. Bd2 axb4 23. axb4 Ra4 24. Rfb1 Qa7 25. Rxa4 Qxa4 26. Bd1 Qa2 27. Bb3 Qa3 28. Bc2 Qa2 29. Bc3 Qc4 30. Qxc4 bxc4 31. b5 Bxc5+ 32. Kf1 Nd4 33. Ba4 Nf5 34. Ba5 Ne3+ 35. Ke2 Nxg2 36. b6 Nxf4+ 37. Kf3 Nd3 38. b7 Nxe5+ 39. Ke2 Bd6 40. Bc3 Kf8 41. Bd4 Ke7 42. Ba7 Kd8 43. Rb6 Kc7 44. Bxb8+ Kxb6 45. Bxd6 Kxb7 46. Bxe5 Kb6 47. Bf6 Kc5 48. Ke3 Kd6 49. Kd4 Kc7 50. Be8 Kd6 51. Bxf7 c3 52. Kxc3 e5 53. Bg8 h6 54. Bg7 h5 55. Bf8+ Kd7 56. Bxd5 g5 57. Bf3 g4 58. hxg4 hxg4 59. Bxg4+ Kc6 60. Kd3 Kd5 61. Ke3 e4 62. Bg7 1-0


[Site "https://www.chess.com"]

[Event "Titled Tuesday Blitz May 30 Early 2023"]
[White "Mogirzan, Matei-Valeriu"]
[Black "Levitskiy, Andrey"]
[WhiteFideId "1257455"]
[BlackFideId "14132885"]
[WhiteElo "1733"]
[BlackElo "2347"]
[Result "1/2-1/2"]
[Round "02"]
[TimeControl "180+2"]
[Date "2023.05.30"]
[WhiteClock "0:00:20"]
[BlackClock "0:00:06"]

1. e4 e6 2. d4 d5 3. Nd2 c5 4. c3 cxd4 5. cxd4 dxe4 6. Nxe4 Bb4+ 7. Nc3 Nc6 8. Nf3 Nf6 9. a3 Be7 10. Bd3 O-O 11. Bg5 h6 12. h4 Kh8 13. Qe2 Nd5 14. Qd2 Nf6 15. Bxh6 Nxd4 16. Bxg7+ Kxg7 17. Qg5+ Kh8 18. Qh6+ Kg8 19. Rh3 Nf5 20. Rg3+ Nxg3 21. Qg5+ Kh8 22. Qh6+ Kg8 23. Qg5+ Kh8 24. Qh6+ Kg8 1/2-1/2


[Site "https://www.chess.com"]

[Event "Titled Tuesday Blitz May 30 Early 2023"]
[White "Rendle, Thomas E"]
[Black "Rangel, Daniel"]
[WhiteFideId "408760"]
[BlackFideId "2124475"]
[WhiteElo "2428"]
[BlackElo "2256"]
[Result "1-0"]
[Round "02"]
[TimeControl "180+2"]
[Date "2023.05.30"]
[WhiteClock "0:00:22"]
[BlackClock "0:00:01"]

1. d4 Nf6 2. Nf3 e6 3. e3 b6 4. Bd3 Bb7 5. O-O g6 6. c4 Bg7 7. Nc3 O-O 8. e4 d5 9. cxd5 exd5 10. e5 Ne4 11. Re1 Nxc3 12. bxc3 c5 13. Bg5 Qd7 14. Qd2 Ba6 15. Bc2 Nc6 16. Bf6 Nd8 17. Rad1 cxd4 18. Nxd4 Ne6 19. Nf5 Bxf6 20. exf6 Kh8 21. Qh6 Rg8 22. Ne7 Bc4 23. Re3 Nc5 24. Rd4 Ne4 25. Bxe4 Qd6 26. Qxh7+ Kxh7 27. Rh3# 1-0


[Site "https://www.chess.com"]

[Event "Titled Tuesday Blitz May 30 Early 2023"]
[White "Goldin, Roman"]
[Black "Bolourchifard, Farzad"]
[WhiteFideId "2803860"]
[BlackFideId "12510084"]
[WhiteElo "2312"]
[BlackElo "2317"]
[Result "1/2-1/2"]
[Round "02"]
[TimeControl "180+2"]
[Date "2023.05.30"]
[WhiteClock "0:00:03"]
[BlackClock "0:00:06"]

1. e4 e5 2. Nf3 Nc6 3. Nc3 Nf6 4. g3 d6 5. Bg2 g6 6. d4 exd4 7. Nxd4 Bg7 8. Nxc6 bxc6 9. e5 Nd7 10. exd6 O-O 11. O-O cxd6 12. Qxd6 Rb8 13. Rd1 Qb6 14. Na4 Qb5 15. Bxc6 Qa5 16. Bxd7 Bxd7 17. Qxd7 Rfd8 18. Bd2 Qa6 19. Qg4 Rd4 20. Bf4 Qxa4 21. b3 Qb4 22. a3 Qb6 23. Rxd4 Bxd4 24. Rf1 Re8 25. Bd2 Qc5 26. c4 h5 27. Bb4 Qxb4 28. Qxd4 Qxa3 29. c5 Qxb3 30. Rc1 Qa3 31. Rc3 Qa1+ 32. Kg2 Re1 33. c6 Rg1+ 34. Kf3 Qa5 35. c7 Qf5+ 36. Ke2 Qe6+ 37. Qe3 Qa6+ 38. Qd3 Qe6+ 39. Qe3 Qa6+ 40. Kf3 Qb7+ 41. Ke2 Qa6+ 1/2-1/2


[Site "https://www.chess.com"]

[Event "Titled Tuesday Blitz May 30 Early 2023"]
[White "Veiga, Jose Francisco R P Neves"]
[Black "Mushini Ajay"]
[WhiteFideId "1930087"]
[BlackFideId "35066188"]
[WhiteElo "2320"]
[BlackElo "2145"]
[Result "1-0"]
[Round "02"]
[TimeControl "180+2"]
[Date "2023.05.30"]
[WhiteClock "0:00:34"]
[BlackClock "0:00:53"]

1. d4 d5 2. Nf3 Nf6 3. Bg5 Ne4 4. Bf4 e6 5. e3 f5 6. Nbd2 c6 7. h4 Bd6 8. h5 Bxf4 9. exf4 O-O 10. h6 g6 11. Bd3 c5 12. c3 Nc6 13. a3 cxd4 14. cxd4 Qb6 15. Nb3 a5 16. O-O a4 17. Nc5 Nxd4 18. Bxe4 Nxf3+ 19. Bxf3 Qxc5 20. Rc1 Qb6 21. Qd2 Qd8 22. g3 Bd7 23. Rfe1 Qf6 24. Rc7 Rad8 25. Rxb7 d4 26. Re5 g5 27. Qxd4 Qxh6 28. Rxd7 Rxd7 29. Qxd7 gxf4 30. Qxe6+ Qxe6 31. Rxe6 fxg3 32. fxg3 Kf7 33. Ra6 Rb8 34. Ra7+ Kf6 35. Rb7 Rc8 36. Kf2 Rc2+ 37. Ke3 Rc4 38. Rxh7 Rc2 39. Rb7 Ke5 40. Rb5+ Kf6 41. Rb4 Rc5 42. Rxa4 1-0


[Site "https://www.chess.com"]

[Event "Titled Tuesday Blitz May 30 Early 2023"]
[White "Avalos Parra, Joao"]
[Black "Jeet, Jain"]
[WhiteFideId "3402541"]
[BlackFideId "5073022"]
[WhiteElo "2173"]
[BlackElo "2067"]
[Result "0-1"]
[Round "02"]
[TimeControl "180+2"]
[Date "2023.05.30"]
[WhiteClock "0:00:00"]
[BlackClock "0:00:12"]

1. d4 d5 2. c4 c6 3. Nf3 Nf6 4. Nc3 e6 5. Bg5 Nbd7 6. e3 Be7 7. Be2 h6 8. Bh4 O-O 9. O-O Ne4 10. Bxe7 Qxe7 11. Nxe4 dxe4 12. Nd2 f5 13. f3 exf3 14. Nxf3 e5 15. Re1 e4 16. Nd2 c5 17. Nb3 cxd4 18. Qxd4 Ne5 19. Rad1 Kh8 20. Nd2 Bd7 21. Nf1 Bc6 22. Qd6 Qe8 23. Bh5 g6 24. Be2 Kg7 25. b4 Rf6 26. Qc7+ Rf7 27. Qa5 b6 28. Qa3 g5 29. b5 Bb7 30. c5 bxc5 31. Qxc5 f4 32. Bc4 Nxc4 33. Qxc4 f3 34. gxf3 exf3 35. Kf2 Rc8 36. Qd4+ Kg8 37. Rd2 Qxb5 38. Qxa7 Qe5 39. Qd4 Qe6 40. Qd6 Qh3 41. Qg3 Qg2+ 42. Qxg2 fxg2+ 43. Kg1 gxf1=Q+ 44. Rxf1 Rxf1+ 45. Kxf1 Be4 46. Rd4 Bg6 47. a4 Rc2 48. a5 Ra2 49. Rd6 Kg7 50. a6 Rxa6 51. Rd7+ Bf7 52. Kf2 Ra2+ 53. Kg3 Kf6 54. Rd6+ Be6 55. Rb6 h5 56. h4 g4 57. Rb5 Ra3 58. Rxh5 Rxe3+ 59. Kf4 Rf3+ 60. Ke4 Rf1 61. Rh6+ Ke7 62. h5 g3 63. Rh7+ Kf8 64. Ke5 g2 65. Kxe6 g1=Q 0-1


[Site "https://www.chess.com"]

[Event "Titled Tuesday Blitz May 30 Early 2023"]
[White "Jia, Haoxiang"]
[Black "Kazmin_Semyon"]
[WhiteFideId "8602999"]
[WhiteElo "2656"]
[BlackElo "2329"]
[Result "0-1"]
[Round "02"]
[TimeControl "180+2"]
[Date "2023.05.30"]
[WhiteClock "0:00:16"]
[BlackClock "0:00:04"]

1. d4 Nf6 2. c4 g6 3. f3 e5 4. dxe5 Nh5 5. Nh3 Qh4+ 6. Nf2 Bc5 7. e3 Nc6 8. Nc3 Nxe5 9. Ne4 Bb4+ 10. Bd2 Qe7 11. a3 Bxd2+ 12. Qxd2 d6 13. Be2 Be6 14. Rc1 O-O-O 15. c5 d5 16. Ng3 Ng7 17. Qc3 f6 18. O-O h5 19. c6 Nxc6 20. Nd3 d4 21. exd4 Nxd4 22. Rfe1 h4 23. Nf1 h3 24. g3 Bf5 25. Nf4 Kb8 26. Bc4 Qc5 27. Kh1 g5 28. b4 Qc6 29. Nd5 Rxd5 30. Bxd5 Qxd5 31. Qxc7+ Ka8 32. Re4 Rb8 33. Ne3 Qa2 34. Rxd4 a6 35. Qxg7 Qf2 36. Qe7 Qxf3+ 37. Kg1 Ka7 38. Qc5+ Ka8 39. Rd2 Be4 40. Ng2 hxg2 41. Qf2 Qh5 42. Re1 Qxh2+ 43. Kxh2 Rh8+ 44. Kg1 Rh1# 0-1


[Site "https://www.chess.com"]